PL
CLEVELAND BROWNS @ PORTLAND EVERGREENS
09/13/2041
 
TOP OF THE 1ST
Cleveland Browns batting - Pitching for Portland Evergreens : LHP Gerald Orlebar
Pitching: LHP Gerald Orlebar
Batting: SHB Jhett Larson 0-0: Foul Ball, location: 2F
0-1: Fly out, F5 (Popup, 5SF, EV 71.9 MPH)
Batting: LHB León Castillo 0-0: Ball
1-0: Foul Ball, location: 2F
1-1: Ball
2-1: Foul Ball, location: 2F
2-2: Fly out, F7 (Flyball, 7LMF, EV 93.8 MPH)
Batting: RHB Meester Gobbles-Rooster 0-0: Foul Ball, location: 2F
0-1: Fly out, F8 (Flyball, 8RM, EV 94.4 MPH)
Top of the 1st over - 0 runs, 0 hits, 0 errors, 0 left on base; Cleveland 0 - Portland 0
BOTTOM OF THE 1ST
Portland Evergreens batting - Pitching for Cleveland Browns : RHP Javier Ariza
Pitching: RHP Javier Ariza
Batting: RHB Orlando Velásquez 0-0: Called Strike
0-1: Called Strike
0-2: Ground out 6-3 (Groundball, 6, EV 83.1 MPH)
Batting: LHB Fernando Soto 0-0: Fly out, F9 (Flyball, 9, EV 81.9 MPH)
Batting: RHB Kameron Guangorena 0-0: Ball
1-0: Ball
2-0: Called Strike
2-1: Called Strike
2-2: Foul Ball, location: 2F
2-2: Strikes out looking
Bottom of the 1st over - 0 runs, 0 hits, 0 errors, 0 left on base; Cleveland 0 - Portland 0
TOP OF THE 2ND
Cleveland Browns batting - Pitching for Portland Evergreens : LHP Gerald Orlebar
Batting: RHB Baldomero Avino 0-0: Called Strike
0-1: Ball
1-1: Ball
2-1: Ball
3-1: Base on Balls
Batting: RHB Tom Camden 0-0: Called Strike
0-1: Swinging Strike
0-2: Ball
1-2: Reached on error, E6 (Groundball, 6, EV 86.2 MPH)
Baldomero Avino to second
Batting: RHB Katsuhiko Ishihara 0-0: Called Strike
0-1: Ball
1-1: Ball
2-1: SINGLE (Groundball, 6D, EV 106.9 MPH)
Baldomero Avino to third
Tom Camden to second
Runner from 3rd tries for Home, SAFE, no throw by CF
Batting: RHB Wilbur Davis 0-0: Called Strike
0-1: Ball
1-1: Ball
2-1: Fly out, F9 (Flyball, 89M, EV 94.4 MPH)
Batting: RHB Gerold Olthof 0-0: Ball
Tom Camden steals 3rd base
1-0: Foul Ball, location: 2F
1-1: Ball
2-1: Ball
3-1: Base on Balls
Katsuhiko Ishihara to second
Batting: RHB Carlos Martínez 0-0: Foul Ball, location: 2F
0-1: Ball
1-1: Foul Ball, location: 2F
1-2: SINGLE (Groundball, 34D, EV 100.6 MPH)
Tom Camden scores
Katsuhiko Ishihara to third
Gerold Olthof to second
Batting: SHB Jhett Larson 0-0: Foul Ball, location: 2F
0-1: Ball
1-1: Fly out, F8 (Flyball, 89S, EV 85.0 MPH)
Batting: LHB León Castillo 0-0: Called Strike
0-1: Called Strike
0-2: Ball
1-2: Fly out, F7 (Flyball, 78S, EV 76.9 MPH)
Top of the 2nd over - 2 runs, 2 hits, 1 error, 3 left on base; Cleveland 2 - Portland 0
BOTTOM OF THE 2ND
Portland Evergreens batting - Pitching for Cleveland Browns : RHP Javier Ariza
Batting: SHB Tetsu Matsumoto 0-0: Ball
1-0: Foul Ball, location: 2F
1-1: Fly out, F7 (Flyball, 7D, EV 80.6 MPH)
Batting: RHB An-te-hai Qing 0-0: Ball
1-0: Ball
2-0: Ball
3-0: Called Strike
3-1: Fly out, F9 (Flyball, 9S, EV 90.0 MPH)
Batting: LHB Vicente Gomillion 0-0: Fly out, F8 (Flyball, 8RS, EV 88.1 MPH)
Bottom of the 2nd over - 0 runs, 0 hits, 0 errors, 0 left on base; Cleveland 2 - Portland 0
TOP OF THE 3RD
Cleveland Browns batting - Pitching for Portland Evergreens : LHP Gerald Orlebar
Batting: RHB Meester Gobbles-Rooster 0-0: Ball
1-0: Foul Ball, location: 2F
1-1: Ball
2-1: Ball
3-1: Fly out, F7 (Line Drive, 7, EV 99.4 MPH)
Batting: RHB Baldomero Avino 0-0: Ball
1-0: Called Strike
1-1: Foul Ball, location: 2F
1-2: Ball
2-2: Strikes out swinging
Batting: RHB Tom Camden 0-0: Ball
1-0: Called Strike
1-1: Swinging Strike
1-2: Ball
2-2: Strikes out swinging
Top of the 3rd over - 0 runs, 0 hits, 0 errors, 0 left on base; Cleveland 2 - Portland 0
BOTTOM OF THE 3RD
Portland Evergreens batting - Pitching for Cleveland Browns : RHP Javier Ariza
Batting: LHB Surender Nada 0-0: Swinging Strike
0-1: Swinging Strike
0-2: Ball
1-2: Ball
2-2: Foul Ball, location: 2F
2-2: Fly out, F9 (Flyball, 9D, EV 106.9 MPH)
Batting: LHB Leonid Machehin 0-0: Fly out, F9 (Flyball, 89D, EV 98.1 MPH)
Batting: RHB Orlando Samundio 0-0: Foul Ball, location: 2F
0-1: Ball
1-1: Swinging Strike
1-2: Ball
2-2: Ball
3-2: Base on Balls
Batting: RHB Orlando Velásquez 0-0: Foul Ball, location: 2F
0-1: Ball
Wild Pitch!
Orlando Samundio to second
1-1: Ball
2-1: Foul Ball, location: 2F
2-2: Foul Ball, location: 2F
2-2: Ball
3-2: Fly out, F8 (Flyball, 8RM, EV 95.0 MPH)
Bottom of the 3rd over - 0 runs, 0 hits, 0 errors, 1 left on base; Cleveland 2 - Portland 0
TOP OF THE 4TH
Cleveland Browns batting - Pitching for Portland Evergreens : LHP Gerald Orlebar
Batting: RHB Katsuhiko Ishihara 0-0: Ball
1-0: Foul Ball, location: 2F
1-1: Called Strike
1-2: Strikes out swinging
Batting: RHB Wilbur Davis 0-0: Ball
1-0: Fly out, F7 (Flyball, 7S, EV 93.1 MPH)
Batting: RHB Gerold Olthof 0-0: Foul Ball, location: 2F
0-1: Foul Ball, location: 2F
0-2: Foul Ball, location: 2F
0-2: Ball
1-2: Ball
2-2: Foul Ball, location: 2F
2-2: SINGLE (Line Drive, 5D, EV 98.1 MPH)
Batting: RHB Carlos Martínez 0-0: Called Strike
0-1: Ground out U3 (Groundball, 34, EV 81.2 MPH)
Top of the 4th over - 0 runs, 1 hit, 0 errors, 1 left on base; Cleveland 2 - Portland 0
BOTTOM OF THE 4TH
Portland Evergreens batting - Pitching for Cleveland Browns : RHP Javier Ariza
Batting: LHB Fernando Soto 0-0: Swinging Strike
0-1: Called Strike
0-2: Strikes out swinging
Batting: RHB Kameron Guangorena 0-0: Ball
1-0: Fly out, F6 (Popup, 6M, EV 55.0 MPH)
Batting: SHB Tetsu Matsumoto 0-0: Called Strike
0-1: Ball
1-1: Swinging Strike
1-2: Foul Ball, location: 2F
1-2: Strikes out looking
Bottom of the 4th over - 0 runs, 0 hits, 0 errors, 0 left on base; Cleveland 2 - Portland 0
TOP OF THE 5TH
Cleveland Browns batting - Pitching for Portland Evergreens : LHP Gerald Orlebar
Batting: SHB Jhett Larson 0-0: Ball
1-0: Foul Ball, location: 2F
1-1: Ball
2-1: SINGLE (Groundball, 4D, EV 101.9 MPH)
Batting: LHB León Castillo 0-0: Ball
1-0: Ball
2-0: Called Strike
2-1: Called Strike
2-2: Grounds into double play, 4-6-3 (Groundball, 4, EV 87.5 MPH)
Batting: RHB Meester Gobbles-Rooster 0-0: Ball
1-0: Ball
2-0: Called Strike
2-1: Foul Ball, location: 2F
2-2: Foul Ball, location: 2F
2-2: Ball
3-2: Fly out, F6 (Popup, 6MS, EV 73.8 MPH)
Top of the 5th over - 0 runs, 1 hit, 0 errors, 0 left on base; Cleveland 2 - Portland 0
BOTTOM OF THE 5TH
Portland Evergreens batting - Pitching for Cleveland Browns : RHP Javier Ariza
Batting: RHB An-te-hai Qing 0-0: Ball
1-0: Ball
2-0: Fly out, F8 (Flyball, 78D, EV 106.9 MPH)
Batting: LHB Vicente Gomillion 0-0: Ball
1-0: Foul Ball, location: 2F
1-1: Swinging Strike
1-2: Fly out, F8 (Flyball, 8LD, EV 110.0 MPH)
Batting: LHB Surender Nada 0-0: Ground out 4-3 (Groundball, 4, EV 80.0 MPH)
Bottom of the 5th over - 0 runs, 0 hits, 0 errors, 0 left on base; Cleveland 2 - Portland 0
TOP OF THE 6TH
Cleveland Browns batting - Pitching for Portland Evergreens : LHP Gerald Orlebar
Pitching: LHP Seong-hyeon Yi
Batting: RHB Baldomero Avino 0-0: Called Strike
0-1: Ball
1-1: Ball
2-1: Ball
3-1: Base on Balls
Batting: RHB Tom Camden 0-0: Swinging Strike
0-1: Called Strike
0-2: Fly out, F9 (Flyball, 9S, EV 83.1 MPH)
Batting: RHB Katsuhiko Ishihara Pickoff Throw to First - Out! 1-3
0-0: Foul Ball, location: 2F
0-1: Foul Ball, location: 2F
0-2: Foul Ball, location: 2F
0-2: Strikes out swinging
Top of the 6th over - 0 runs, 0 hits, 0 errors, 0 left on base; Cleveland 2 - Portland 0
BOTTOM OF THE 6TH
Portland Evergreens batting - Pitching for Cleveland Browns : RHP Javier Ariza
Batting: LHB Leonid Machehin 0-0: Ball
1-0: Ball
2-0: Foul Ball, location: 2F
2-1: SINGLE (Groundball, 34D, EV 108.8 MPH)
Batting: RHB Orlando Samundio 0-0: Ball
1-0: Foul Ball, location: 2F
1-1: Foul Ball, location: 2F
1-2: Grounds into double play, 6-4-3 (Groundball, 6, EV 104.4 MPH)
Batting: RHB Orlando Velásquez 0-0: Foul Ball, location: 2F
0-1: Ball
1-1: Foul Ball, location: 2F
1-2: Ball
2-2: Strikes out swinging
Bottom of the 6th over - 0 runs, 1 hit, 0 errors, 0 left on base; Cleveland 2 - Portland 0
TOP OF THE 7TH
Cleveland Browns batting - Pitching for Portland Evergreens : LHP Seong-hyeon Yi
Pitching: LHP Raúl Romero
Batting: RHB Wilbur Davis 0-0: Ball
1-0: Called Strike
1-1: Ball
2-1: SINGLE (Line Drive, 4D, EV 98.8 MPH)
Batting: RHB Gerold Olthof Pickoff Throw to First - Out! 1-3
0-0: Called Strike
0-1: Called Strike
0-2: Ball
1-2: Foul Ball, location: 2F
1-2: Foul Ball, location: 2F
1-2: Ball
2-2: Strikes out swinging
Batting: RHB Carlos Martínez 0-0: Called Strike
0-1: Ball
1-1: Ball
2-1: Fly out, F9 (Line Drive, 9, EV 88.8 MPH)
Top of the 7th over - 0 runs, 1 hit, 0 errors, 0 left on base; Cleveland 2 - Portland 0
BOTTOM OF THE 7TH
Portland Evergreens batting - Pitching for Cleveland Browns : RHP Javier Ariza
Batting: LHB Fernando Soto 0-0: Ground out U3 (Groundball, 34, EV 90.0 MPH)
Batting: RHB Kameron Guangorena 0-0: Called Strike
0-1: Reached via error on a dropped throw from P, E3 (Groundball, 34S, EV 66.9 MPH)
Batting: SHB Tetsu Matsumoto 0-0: Foul Ball, location: 2F
0-1: Swinging Strike
0-2: Strikes out looking
Batting: RHB An-te-hai Qing 0-0: Called Strike
0-1: Swinging Strike
0-2: Ball
1-2: Strikes out swinging
Bottom of the 7th over - 0 runs, 0 hits, 1 error, 1 left on base; Cleveland 2 - Portland 0
TOP OF THE 8TH
Cleveland Browns batting - Pitching for Portland Evergreens : LHP Raúl Romero
Batting: SHB Jhett Larson 0-0: Ball
1-0: Ground out 6-3 (Groundball, 6, EV 90.0 MPH)
Batting: LHB León Castillo 0-0: Swinging Strike
0-1: Ball
1-1: Called Strike
1-2: Strikes out swinging
Batting: RHB Meester Gobbles-Rooster 0-0: SINGLE (Line Drive, 56D, EV 98.1 MPH)
Batting: RHB Baldomero Avino 0-0: Called Strike
0-1: Ball
1-1: Fly out, F8 (Flyball, 8RD, EV 97.5 MPH)
Top of the 8th over - 0 runs, 1 hit, 0 errors, 1 left on base; Cleveland 2 - Portland 0
BOTTOM OF THE 8TH
Portland Evergreens batting - Pitching for Cleveland Browns : RHP Javier Ariza
Batting: LHB Vicente Gomillion 0-0: Ball
1-0: Called Strike
1-1: Called Strike
1-2: Ball
2-2: Ground out U3 (Groundball, 3, EV 83.1 MPH)
Pitching: LHP Stephen Palmer
Batting: LHB Surender Nada 0-0: Ball
1-0: Ball
2-0: Ball
3-0: Called Strike
3-1: Base on Balls
Batting: LHB Leonid Machehin 0-0: Called Strike
0-1: Ball
1-1: Ball
2-1: Ball
3-1: Foul Ball, location: 2F
3-2: Strikes out swinging
Batting: RHB Orlando Samundio 0-0: Called Strike
0-1: Ball
1-1: Ball
2-1: Swinging Strike
2-2: Fly out, F7 (Flyball, 7, EV 86.9 MPH)
Bottom of the 8th over - 0 runs, 0 hits, 0 errors, 1 left on base; Cleveland 2 - Portland 0
TOP OF THE 9TH
Cleveland Browns batting - Pitching for Portland Evergreens : LHP Raúl Romero
Batting: RHB Tom Camden 0-0: Foul Ball, location: 2F
0-1: Ball
1-1: Ball
2-1: Ball
3-1: SINGLE (Flyball, 9LM, EV 93.1 MPH)
Batting: RHB Katsuhiko Ishihara 0-0: Ball
1-0: Foul Ball, location: 2F
1-1: Ball
2-1: Foul Ball, location: 2F
2-2: Ball
3-2: Foul Ball, location: 2F
3-2: Base on Balls
Tom Camden to second
Batting: RHB Wilbur Davis 0-0: Called Strike
0-1: Called Strike
Katsuhiko Ishihara is caught stealing 2nd base 2-4
Tom Camden steals 3rd base
0-2: SINGLE (Groundball, 56, EV 106.2 MPH) (infield hit)
Tom Camden scores
Batting: RHB Gerold Olthof 0-0: Swinging Strike
0-1: Ball
1-1: Foul Ball, location: 2F
1-2: Ball
2-2: Foul Ball, location: 2F
2-2: Strikes out swinging
Batting: RHB Carlos Martínez 0-0: Called Strike
0-1: Ball
1-1: Swinging Strike
1-2: Strikes out swinging
Top of the 9th over - 1 run, 2 hits, 0 errors, 1 left on base; Cleveland 3 - Portland 0
BOTTOM OF THE 9TH
Portland Evergreens batting - Pitching for Cleveland Browns : LHP Stephen Palmer
Batting: RHB Orlando Velásquez 0-0: Ball
1-0: Ground out U3 (Groundball, 34, EV 98.1 MPH)
Batting: LHB Fernando Soto 0-0: Ball
1-0: Ball
2-0: Ball
3-0: Base on Balls
Batting: RHB Kameron Guangorena 0-0: Foul Ball, location: 2F
0-1: Ball
1-1: Ball
2-1: Fly out, F7 (Flyball, 7LS, EV 86.9 MPH)
Batting: SHB Tetsu Matsumoto 0-0: Ball
1-0: Ball
2-0: Foul Ball, location: 2F
2-1: Foul Ball, location: 2F
2-2: Hit by Pitch
Fernando Soto to second
Batting: RHB An-te-hai Qing 0-0: Ball
1-0: Ball
2-0: Ball
3-0: Foul Ball, location: 2F
3-1: Called Strike
3-2: Base on Balls
Fernando Soto to third
Tetsu Matsumoto to second
Pitching: RHP Juan Vias
Batting: LHB Vicente Gomillion 0-0: Swinging Strike
0-1: Foul Ball, location: 2F
0-2: Strikes out swinging
Bottom of the 9th over - 0 runs, 0 hits, 0 errors, 3 left on base; Cleveland 3 - Portland 0
Tuesday, January 5th, 2021 - OOTP Baseball 20.8 Build 74